 Dungeon Crawl Stone Soup version 0.27.0-1-g7a089689b8 (webtiles) character file.

Game seed: 13425712293939882296

130 ZombieSheep the Chopper (level 5, 0/47 HPs)
             Began as a Hill Orc Fighter on Aug 1, 2021.
             Slain by a sky beast (6 damage)
             ... on level 3 of the Dungeon.
             The game lasted 00:02:45 (2081 turns).

ZombieSheep the Chopper (Hill Orc Fighter)          Turns: 2081, Time: 00:02:46

Health: 0/47       AC:  7    Str: 19    XL:     5   Next: 13%
Magic:  5/5        EV: 10    Int:  8    God:
Gold:   19         SH:  0    Dex: 11    Spells: 4/4 levels left

rFire    + . .     SeeInvis .   a - +0 war axe
rCold    + . .     Faith    .   (no shield)
rNeg     . . .     Spirit   .   b - +0 scale mail
rPois    .         Reflect  .   (no helmet)
rElec    .         Harm     .   h - scarf {rC+ rF+}
rCorr    .         Rampage  .   (no gloves)
Will     .....                  (no boots)
Stlth    ..........             (no amulet)
HPRegen  0.15/turn              (no ring)
MPRegen  0.09/turn              (no ring)

@: no status effects
A: no striking features
a: no special abilities


You were on level 3 of the Dungeon.
You visited 1 branch of the dungeon, and saw 3 of its levels.

You collected 19 gold pieces.

Inventory:

Hand Weapons
 a - a +0 war axe (weapon)
Armour
 b - a +0 scale mail (worn)
 h - a scarf of resistance (worn)
Potions
 c - 3 potions of haste {unknown}
 d - a potion of might
 e - a potion of degeneration {unknown}
 f - 3 potions of curing {unknown}
 g - a potion of lignification {unknown}
 i - a potion of invisibility {unknown}
 j - a potion of brilliance {unknown}
 k - a potion of heal wounds {unknown}


   Skills:
 + Level 4.3 Fighting
 * Level 4.8 Axes
 + Level 4.0 Armour
 + Level 1.4 Dodging
 - Level 3.2 Shields


You had 4 spell levels left.
You didn't know any spells.
Your spell library contained the following spells:

 Spells                   Type           Power      Damage    Failure   Level
 Sublimation of Blood     Necr           0%         N/A       88%         2
 Petrify                  Tmut/Erth      0%         N/A       100%        4
 Irradiate                Conj/Tmut      0%         3d13      100%        5


Dungeon Overview and Level Annotations

Branches:
Dungeon (3/15)

Altars:


Message History

The kobold moves out of view.
A kobold is nearby!
The kobold hits you with a +0 dagger.
You barely miss the kobold. The kobold completely misses you.
You completely miss the kobold. The kobold hits you with a +0 dagger.
You miss the kobold. The kobold hits you with a +0 dagger.
Your scale mail prevents you from hitting the kobold.
The kobold hits you but does no damage. The kobold barely misses you.
You hit the kobold.
You kill the kobold!
No target in view!
No target in view!
A sky beast comes into view.
An endoplasm comes into view.
The endoplasm quivers.
Things that are here:
a +0 dagger; a kobold corpse You slash the endoplasm!
You kill the endoplasm!
The sky beast barely misses you.
You closely miss the sky beast. The sky beast hits you.
The sky beast shocks you.
You barely miss the sky beast. The sky beast hits you.
The sky beast shocks you.
You hit the sky beast but do no damage. The sky beast barely misses you.
You hit the sky beast.
The sky beast is moderately wounded.
The sky beast barely misses you.
The sky beast flickers out of sight!
Deactivating autopickup; reactivate with Ctrl-A.
Something hits you but does no damage.
You slash something! Something hits you. Something shocks you.
You barely miss something. Something completely misses you.
You miss something. Something hits you. Something shocks you.
You slash something! Something hits you but does no damage. Something hits you.
Something shocks you.
* * * LOW HITPOINT WARNING * * *
You miss something. Something hits you.
* * * LOW HITPOINT WARNING * * *
Something shocks you.
You die...

## .. #. #. #. ##
#. #.#..#{#########
.......@.......#
.......)........
#.#.##.#.#####. #
...#.##.. .......#
#####.##.###..##..#
##.##.#........#
#..##.#(#.###.# #
#.###.#.......## .
#.###.#........#.#


There were no monsters in sight!

Vanquished Creatures
  A jelly (D:2)
  Jessica (D:2)
  3 adders (D:2)
  2 dart slugs (D:2)
  A ball python (D:1)
  3 bats
  4 endoplasms
  3 giant cockroaches (D:1)
  7 goblins
  2 hobgoblins
  7 kobolds
  3 quokkas (D:2)
  A frilled lizard (D:1)
  3 rats (D:2)
41 creatures vanquished.

Notes
Turn   | Place    | Note
-------+----------+-------------------------------------------
     0 | D:1      | ZombieSheep the Hill Orc Fighter began the quest for the
                  | Orb.
     0 | D:1      | Reached XP level 1. HP: 19/19 MP: 1/1
   157 | D:1      | Reached XP level 2. HP: 21/27 MP: 2/2
   367 | D:1      | Found a faded altar of an unknown god.
   978 | D:2      | Reached XP level 3. HP: 32/33 MP: 3/3
  1139 | D:2      | Reached skill level 1 in Dodging
  1345 | D:2      | Reached XP level 4. HP: 39/40 MP: 4/4
  1523 | D:2      | Noticed Jessica
  1531 | D:2      | Killed Jessica
  1739 | D:2      | Reached XP level 5. HP: 16/47 MP: 5/5
  2069 | D:3      | Noticed a sky beast
  2081 | D:3      | Slain by a sky beast

Illustrated notes

Levels and vault maps discovered:
D:1:      dpeg_arrival_round_c, layout_loops_ring,
          dreamdust_ecumenical_altar_angels_and_demons, chequers_arboretum,
          minmay_splitting_lines
D:2:      layout_basic, glass_columns_b, minmay_distorted, uniq_jessica
D:3:      layout_basic, portal_sewer_entry_d, uniq_robin

Skill      XL: |  1  2  3  4 |
---------------+-------------+-----
Axes           | 3 4 |  4.8
Fighting       | 4 |  4.3
Dodging        | 1 |  1.4
Armour         | 4 |  4.0
Shields        | |  3.2

Action                   |  1- 3 |  4- 6 || total
-------------------------+-------+-------++-------
Melee: War axe           |   108 |    37 ||   145
  Use: Scroll            |       |     1 ||     1
Armor: Scale mail        |    52 |    10 ||    62
Dodge: Dodged            |    63 |    15 ||    78
